[Event "Polish University-ch Teams 2024"]
[Site "Lublin"]
[Date "2024.02.24"]
[Round "4.4"]
[White "Chylewski, Patryk"]
[Black "Skurniak, Szymon"]
[Result "1-0"]
[ECO "B07"]
[WhiteElo "2285"]
[BlackElo "2096"]
[Annotator "RC"]
[PlyCount "97"]
[EventDate "2024.02.22"]
[EventType "team-tourn"]
[EventCountry "POL"]
[SourceTitle "playchess.com"]
[Source "ChessBase"]
[SourceQuality "1"]
[TimeControl "900+5"]

1. e4 d6 2. d4 Nf6 3. Nc3 e5 4. Nge2 c6 5. a4 a5 6. h3 Be7 7. Be3 Nbd7 8. g4 d5 9. exd5 Nxd5 10. Nxd5 cxd5 11. dxe5 Nxe5 12. Bg2 Nc4 13. Qxd5 Qxd5 14. Bf3 Qe4 15. Bxe4 Nxe3 16. Bd5 Bd6 17. fxe3 Bc5 18. e4 h5 19. g5 h4 20. Nf4 Be3 21. Rf1 f6 22. gxf6 gxf6 23. Ng6 Rh6 24. Rxf6 Ra6 25. Bf7+ Kd8 26. Rd1+ Kc7 27. Rxa6 bxa6 28. Rd3 Bc5 29. Rf3 Bb7 30. Rf4 Be3 31. Rg4 Bc8 32. Rxh4 Bxh3 33. Rxh6 Bxh6 34. Bc4 Bg7 35. b3 Kb6 36. Nf4 Bg4 37. Kd2 Bh6 38. Ke3 Bd1 39. Bd3 Kc5 40. e5 Kb4 41. Ke4 Kc3 42. Nd5+ Kb2 43. e6 Bg5 44. e7 Bxe7 45. Nxe7 Bxc2 46. Bxc2 Kxc2 47. Nd5 Kxb3 48. Nb6 Kb4 49. Kd5 1-0

[Event "Polish University-ch Teams 2024"]
[Site "Lublin"]
[Date "2024.02.24"]
[Round "4.5"]
[White "Makhynia, Kostiantyn"]
[Black "Antolak, Julia"]
[Result "0-1"]
[ECO "A43"]
[WhiteElo "1968"]
[BlackElo "2309"]
[Annotator "RC"]
[PlyCount "87"]
[EventDate "2024.02.22"]
[EventType "team-tourn"]
[EventCountry "POL"]
[SourceTitle "playchess.com"]
[Source "ChessBase"]
[SourceQuality "1"]
[TimeControl "900+5"]

1. d4 Nf6 2. Nf3 c5 3. d5 b5 4. Bg5 Qb6 5. a4 b4 6. a5 Qc7 7. c4 d6 8. Nbd2 Nbd7 9. e4 g6 10. Bd3 Bg7 11. Qb3 O-O 12. O-O e5 13. dxe6 fxe6 14. e5 dxe5 15. Bxf6 Nxf6 16. Be4 Nxe4 17. Nxe4 Bb7 18. Rfe1 Rad8 19. Nfg5 Bc8 20. Qg3 Rf5 21. h4 h6 22. Nf3 Kh7 23. Nfd2 Bb7 24. Nb3 Bxe4 25. Rxe4 Rf4 26. Qe3 Rxe4 27. Qxe4 Qd6 28. h5 Qd3 29. hxg6+ Kg8 30. Qxd3 Rxd3 31. Nxc5 Rd4 32. b3 Rg4 33. Rd1 Rxg6 34. Rd8+ Kh7 35. Rd7 e4 36. Rxa7 Rf6 37. a6 Kg6 38. Nxe4 Rf4 39. f3 Bd4+ 40. Kf1 Bxa7 41. Ke2 Rf5 42. Kd3 Ra5 43. Nd6 Rxa6 44. Ne4 0-1

[Event "Polish University-ch Teams 2024"]
[Site "Lublin"]
[Date "2024.02.24"]
[Round "4.6"]
[White "Kubicka, Anna"]
[Black "Pisarek, Elzbieta"]
[Result "1-0"]
[ECO "B52"]
[WhiteElo "2278"]
[BlackElo "1754"]
[Annotator "TA"]
[PlyCount "179"]
[EventDate "2024.02.22"]
[EventType "team-tourn"]
[EventCountry "POL"]
[SourceTitle "playchess.com"]
[Source "ChessBase"]
[SourceQuality "1"]
[TimeControl "900+5"]

1. e4 c5 2. Nf3 d6 3. Bb5+ Bd7 4. Bxd7+ Qxd7 5. c4 Nc6 6. d4 cxd4 7. Nxd4 Nf6 8. Nc3 g6 9. f3 Bg7 10. Be3 O-O 11. Qd3 Ne5 12. Qe2 Rac8 13. b3 {[%emt 0:00:03] Weiß hat minimalen Vorteil.} a6 14. Rc1 Rfd8 15. O-O h5 16. Rfd1 Qe8 17. h3 e6 18. f4 Nc6 19. Nxc6 Qxc6 20. Bf2 Re8 21. Qd3 Rcd8 (21... b5 $11) 22. Qf3 (22. Bh4 $16) 22... Kh7 (22... b5 $14) 23. Bd4 Nd7 24. Bxg7 Kxg7 25. Qd3 Nc5 26. Qe3 Kh7 27. Kh1 ({Vorzuziehen ist} 27. Rd4 $16) 27... Nd7 (27... f5 $14) 28. Qd4 Nf8 29. Qf6 Kg8 30. e5 {[%emt 0:01:10] Weiß steht deutlich aktiver.} ({Weiss braucht} 30. f5 $16) 30... Nh7 $14 31. Qh4 Qc7 32. Ne4 (32. Qg3 $16) 32... dxe5 $11 33. fxe5 Rxd1+ 34. Rxd1 {[%emt 0:00:03] Rd6 wäre nun fies.} Qxe5 35. Nd6 Rf8 36. Qf2 {[%emt 0:00:20][%mdl 1024] Weiss hat Kompensation.} b5 37. c5 Nf6 38. Re1 (38. c6 $11 Nd5 39. Qc5) 38... Qg5 $2 {[%emt 0:00:08] [#]} (38... Qc3 $15) 39. Rf1 $2 (39. h4 $1 $16 Ng4 40. Qxf7+ Rxf7 41. hxg5) 39... Nh7 (39... Nd5 $1 $15 {bleibt weiter vorne.}) 40. c6 $2 (40. Nxf7 $18 Qe7 41. c6) 40... Qd5 41. Nxf7 Qxc6 42. Qb2 $2 {[%emt 0:00:12][%mdl 8192] Verhindert Qc7.} Rxf7 $19 43. Rxf7 Kxf7 44. Qf2+ Ke7 45. Qa7+ Qd7 46. Qc5+ Qd6 $2 (46... Kf7 $19 47. Qe5 Nf6) 47. Qa7+ $17 Qd7 48. Qc5+ Kf7 49. Qb6 Qc8 50. Qa7+ Kg8 51. Qe7 Nf8 52. Qa7 e5 53. Qe7 Qe6 54. Qc5 e4 55. Qe3 Nd7 56. Kg1 Nf6 {[%emt 0:00:02] ...Nd5 ist eine echte Drohung.} 57. Qa7 e3 58. Qb8+ Kh7 59. Qc7+ Kh6 60. Qf4+ g5 61. Qb8 Qe8 (61... e2 $142 62. Qf8+ Kg6 63. Qb4 e1=Q+ (63... e1=B $2 64. Qc5 $19) (63... e1=R+ 64. Qxe1 Qxe1+ 65. Kh2 h4 66. a3 Ne4 67. a4 Nf2 68. axb5 Qh1#) 64. Qxe1 Qxe1+ 65. Kh2 h4 (65... Qe5+ 66. Kg1 g4 67. g3 Qe1+ 68. Kh2 Ne4 69. hxg4 Qxg3+ 70. Kh1 Nf2#) 66. a3 Ne4 67. a4 Nf2 68. axb5 Qh1#) 62. Qb6 Kg7 (62... Qe5 $142 63. Kf1 Qf5+ 64. Kg1 e2 65. Qf2 Qb1+ 66. Kh2 Qf1 (66... e1=B 67. Qxf6+ Kh7 68. Qf7+ Kh6 69. Qf6+ Qg6 70. Qh8+ Qh7 71. Qf6+ Qg6 72. Qh8+ Qh7 73. Qf6+ Qg6 $11) 67. Qg3 e1=Q (67... e1=R {ist ein Selbstmatt.} 68. Qxe1 Qxe1 69. a4 g4 70. hxg4 Nxg4+ 71. Kh3 Kg5 72. axb5 Qh4#) 68. Qxe1 Qxe1 69. a4 Ne4 (69... Qe5+ {wird mattgesetzt.} 70. Kg1 g4 71. g3 Qe1+ 72. Kh2 gxh3 73. axb5 Ng4+ 74. Kxh3 Qh1#) 70. axb5 h4 (70... Qg3+ 71. Kh1 Qe1+ 72. Kh2 h4 73. bxa6 Ng3 74. a7 Qh1#) (70... axb5 71. b4 Ng3 72. h4 gxh4 73. Kh3 Qh1#) 71. bxa6 Ng3 72. a7 Qh1#) 63. Kf1 e2+ 64. Ke1 Nd5 $2 (64... Qe4 $19 65. Qa7+ Kg6) 65. Qd4+ $11 Nf6 66. Qa7+ $4 (66. Qb6 $11 Qe4 67. Qc7+ Kg6 68. Qg3) 66... Kg6 $19 {[%emt 0:00:01] Droht stark ...Qe4.} 67. Qxa6 Qe5 68. Qc6 Kg7 (68... Qa1+ $142 69. Kxe2 Qxa2+ 70. Ke1 Qxb3) 69. Qb7+ Kf8 {[%emt 0:00:03] Droht ...Qa1+ und aus.} 70. Qc8+ Qe8 (70... Ke7 $142 71. Qb7+ Kf8) 71. Qf5 Qe7 72. Qxg5 Kf7 $2 (72... b4 $19 {Weiss muss nun ...Kf7 beachten.} 73. Qf4 Kg7 74. Qg5+ Kf7) 73. Qxb5 $11 Kg6 74. Qxe2 Qxe2+ $4 (74... Ne4 $11 {und Schwarz steht sicher.} 75. Qc2 Qe5) 75. Kxe2 {[%emt 0:00:02][%mdl 4096] Endspiel. KN-KP} Kf5 {[%emt 0:00:03] [#]} 76. g4+ $2 hxg4 77. hxg4+ Kxg4 {[%emt 0:00:01] KN-KPP} 78. Kd3 Kf5 79. Kc4 Ke6 80. Kc5 Kd7 81. Kb6 Nd5+ 82. Kb7 Nb4 83. a3 Nc2 84. a4 {[%emt 0:00:04] Weiss will mit a5 Matt setzen.} Nb4 $2 (84... Nd4 $11) 85. a5 Kd6 86. a6 Nxa6 87. Kxa6 {[%emt 0:00:01] jetzt b4 und aus.} Kc5 $2 (87... Kc6 $11 88. b4 Kc7 89. b5 Kb8 90. Kb6 Kc8 91. Ka7 Kd8 92. b6 Ke7) 88. Ka5 {[%emt 0:00:01] Weiß setzt Matt.} Kc6 89. b4 Kc7 90. Ka6 {[%emt 0:00:05] Ein Albtraum für Schwarz.   Gewichteter Fehlerwert: Weiß=0.47/Schwarz=0.56.  Verlustzug:     	Weiß=2     	Schwarz=3     Gewinn verpasst:   	Weiß=2     	Schwarz=1     Fehler:       	Weiß=6     	Schwarz=5     Ungenau:       	Weiß=6     	Schwarz=6     OK:         	Weiß=15    	Schwarz=18    Bester:       	Weiß=3     	Schwarz=5} 1-0

[Event "Polish University-ch Teams 2024"]
[Site "Lublin"]
[Date "2024.02.24"]
[Round "4.7"]
[White "Baum, Jonasz"]
[Black "Kosakowski, Jakub"]
[Result "1-0"]
[ECO "D38"]
[WhiteElo "2400"]
[BlackElo "2482"]
[Annotator "TA"]
[PlyCount "161"]
[EventDate "2024.02.22"]
[EventType "team-tourn"]
[EventCountry "POL"]
[SourceTitle "playchess.com"]
[Source "ChessBase"]
[SourceQuality "1"]
[TimeControl "900+5"]

1. d4 d5 2. c4 e6 3. Nf3 Nf6 4. Nc3 Bb4 5. cxd5 exd5 6. Bg5 h6 7. Bxf6 Qxf6 8. Qa4+ Nc6 9. e3 O-O 10. Rc1 Rd8 11. Be2 a6 12. O-O Bf5 13. Qb3 Qd6 14. Na4 Na5 15. Qd1 Nc4 16. a3 b5 17. axb4 bxa4 18. Bxc4 dxc4 19. Rxc4 Rab8 20. Ne5 Be6 21. Rc6 Qxb4 22. Rxa6 Qb5 23. Qxa4 Qxa4 24. Rxa4 Rxb2 25. Ra5 Rc2 26. h3 c5 27. Rxc5 Rxc5 28. dxc5 Rd5 29. Nf3 Rxc5 30. Nd4 Bd7 31. Rb1 Kf8 32. Kh2 Ke7 33. Rb7 g6 34. Kg3 Rd5 35. Ra7 Kf6 36. Ne2 Kg7 37. h4 Rd6 38. f3 Bb5 39. Nd4 Bc4 40. Rc7 Be6 41. Kf4 Ra6 42. Rc6 Rxc6 43. Nxc6 Kf6 44. Nd4 Bc8 45. Ke4 h5 {[%emt 0:00:14] [#]} ({Black should play} 45... g5 $14) 46. Kd5 $1 $18 Bb7+ $2 (46... Ke7 47. Nc6+ Kd7 48. Ne5+ Ke7) 47. Kd6 $18 Ba6 48. e4 Bf1 (48... g5 $142 49. g3 gxh4 50. gxh4 Bd3) 49. g3 $2 (49. e5+ $18 Kg7 50. g3) 49... Bg2 $2 (49... g5 $16 50. f4 gxf4) 50. e5+ Kg7 51. Ke7 Bh1 52. e6 fxe6 53. Nxe6+ Kh6 54. Ng5 Kg7 55. Ne6+ Kh6 56. f4 Bd5 57. Kf6 Ba2 58. Nc5 Bb1 59. Nd7 Kh7 60. Nf8+ Kh6 61. Ne6 $2 (61. Kf7 {mates} Ba2+ 62. Kf6 Bb1 63. Ne6 Bf5 64. Kf7 Bb1 65. Nd4 Ba2+ 66. Kf6) 61... Kh7 $2 (61... Ba2 $11) 62. Nd4 Bd3 63. Kg5 Kg7 64. f5 gxf5 65. Nxf5+ Kf7 66. Nd4 Bg6 67. Ne2 Be4 68. Nf4 ({Not} 68. Kxh5 Bf3+ 69. Kg5 Bxe2 $11) 68... Bf3 69. Nxh5 Bd1 70. Nf4 Bf3 71. g4 Bd1 72. h5 Bf3 73. Kf5 Bd1 74. g5 Bc2+ 75. Ke5 Bb1 76. Ne2 Bc2 77. Kf4 Bd1 78. Ng3 Bc2 79. Ne4 Bd3 80. Kf5 Bc2 81. h6 1-0

[Event "Polish University-ch Teams 2024"]
[Site "Lublin"]
[Date "2024.02.24"]
[Round "4.8"]
[White "Niedbala, Bartlomiej"]
[Black "Szustakowski, Antoni"]
[Result "1-0"]
[ECO "C11"]
[WhiteElo "2382"]
[BlackElo "2354"]
[Annotator "RC"]
[PlyCount "61"]
[EventDate "2024.02.22"]
[EventType "team-tourn"]
[EventCountry "POL"]
[SourceTitle "playchess.com"]
[Source "ChessBase"]
[SourceQuality "1"]
[TimeControl "900+5"]

1. e4 e6 2. d4 d5 3. Nc3 Nf6 4. e5 Nfd7 5. f4 c5 6. Nf3 Nc6 7. Be3 a6 8. a3 cxd4 9. Nxd4 Bc5 10. Be2 O-O 11. Qd2 Nxd4 12. Bxd4 Bxd4 13. Qxd4 f6 14. exf6 Qxf6 15. Qxf6 Nxf6 16. O-O-O Bd7 17. Bf3 Bc6 18. Rhe1 Rae8 19. g3 h6 20. h4 Rf7 21. Re5 Nd7 22. Re3 Nf6 23. Ne2 Ne4 24. Bh5 Rc7 25. Bxe8 Bxe8 26. f5 Ba4 27. b3 Bb5 28. fxe6 Bxe2 29. Rxd5 Nc3 30. e7 Bb5 31. Rxb5 1-0

[Event "Polish University-ch Teams 2024"]
[Site "Lublin"]
[Date "2024.02.24"]
[Round "4.9"]
[White "Koziorowicz, Michal"]
[Black "Hasterok, Mateusz"]
[Result "1-0"]
[ECO "B40"]
[WhiteElo "2324"]
[BlackElo "2150"]
[Annotator "RC"]
[PlyCount "135"]
[EventDate "2024.02.22"]
[EventType "team-tourn"]
[EventCountry "POL"]
[SourceTitle "playchess.com"]
[Source "ChessBase"]
[SourceQuality "1"]
[TimeControl "900+5"]

1. e4 c5 2. Nf3 e6 3. g3 Nc6 4. Bg2 Nf6 5. Nc3 d5 6. exd5 Nxd5 7. Qe2 Be7 8. O-O Ncb4 9. Nxd5 Nxd5 10. d4 O-O 11. c4 Nf6 12. Rd1 Qb6 13. Be3 Ng4 14. dxc5 Bxc5 15. Bxc5 Qxc5 16. a3 Qe7 17. Ne5 Nxe5 18. Qxe5 f6 19. Qd6 Qxd6 20. Rxd6 Kf7 21. Bxb7 Ke7 22. Bxa8 Kxd6 23. b4 Ba6 24. c5+ Kc7 25. Bf3 e5 26. a4 Bd3 27. b5 e4 28. Bg2 Rd8 29. Rd1 Rd5 30. c6 f5 31. Bf1 Rd4 32. Bxd3 exd3 33. Kg2 Kb6 34. Kf3 g5 35. Ke3 Rxa4 36. Rxd3 Kxb5 37. c7 Rc4 38. Rd5+ Kb6 39. Rxf5 Rxc7 40. Rxg5 a5 41. Rg8 a4 42. Ra8 Kb5 43. f4 Kb4 44. f5 a3 45. g4 Kb3 46. f6 a2 47. h4 Rc3+ 48. Kf4 Rc4+ 49. Kg5 Ra4 50. Rxa4 Kxa4 51. f7 a1=Q 52. f8=Q Qe5+ 53. Kh6 Qg3 54. Kh5 Qc7 55. Qf5 Qg7 56. g5 Kb4 57. Qf6 Qg8 58. Kh6 Kc5 59. Qe7+ Kd5 60. Qxh7 Qe6+ 61. Qg6 Qe7 62. Qf6 Qe1 63. h5 Qe3 64. Kh7 Qe8 65. g6 Qe4 66. Qf7+ Kd6 67. h6 Qc2 68. Kh8 1-0

[Event "Polish University-ch Teams 2024"]
[Site "Lublin"]
[Date "2024.02.24"]
[Round "4.10"]
[White "Brozyna, Mateusz"]
[Black "Karpus, Michal"]
[Result "0-1"]
[ECO "C90"]
[WhiteElo "2259"]
[BlackElo "2243"]
[Annotator "TA"]
[PlyCount "76"]
[EventDate "2024.02.22"]
[EventType "team-tourn"]
[EventCountry "POL"]
[SourceTitle "playchess.com"]
[Source "ChessBase"]
[SourceQuality "1"]
[TimeControl "900+5"]

1. e4 e5 2. Nf3 Nc6 3. Bc4 Nf6 4. d3 Be7 5. O-O O-O 6. Re1 d6 7. c3 Na5 8. Bb5 a6 9. Ba4 b5 10. Bc2 c5 11. Nbd2 Re8 12. Nf1 h6 13. Ng3 Bf8 14. d4 exd4 15. cxd4 cxd4 16. Nxd4 Bb7 {[%emt 0:00:14] Die Stellung ist ausgeglichen.} 17. Ndf5 Rc8 18. Bf4 Nc4 19. b3 Ne5 20. Rc1 $132 {[%emt 0:00:10][%mdl 2048] Weiss leistet Widerstand} Qa5 21. Bb1 Rxc1 22. Bxc1 d5 23. Bd2 Bb4 (23... b4 $11) 24. Bxb4 $14 Qxb4 25. f4 Ng6 26. e5 Nxf4 27. Nd6 $2 {[%emt 0:00:26] [#] Ein Fehler, der zur Niederlage führt.} (27. Nxg7 $1 $14 {bleibt weiter vorne.} Ng4 28. N7f5 (28. Nxe8 Qc5+) 28... Qc5+ 29. Nd4) 27... Ng4 $1 $19 28. Rf1 $2 (28. Nxe8 Qc5+) (28. Nxb7 $2 Nd3 29. Qxd3 (29. Bxd3 Qd4+) 29... Qxe1+ 30. Nf1 Qf2+ (30... Qxe5 $2 31. h3 $19) (30... Nxe5 31. Qh7+ Kf8 32. Nd6 $15) 31. Kh1 g6 $19 (31... Rxe5 32. Qh7+ Kf8 33. Qh8+ Ke7 34. Qd8+ Ke6 35. Qd6#) (31... Nxe5 $2 32. Qf5 $19)) (28. Ngf5 {nur so!} Qc5+ 29. Nd4 Rxe5 30. Rxe5 (30. Nxb7 Qxd4+ 31. Kh1 Nf2+ 32. Kg1 Nxd1+) 30... Nxe5 31. Nxb7) 28... Qc5+ (28... Rxe5 29. Nxb7 (29. Qxg4 $2 Ne2+ 30. Qxe2 Rxe2 $19) 29... Ne3 30. Qc1 $17) 29. Kh1 Nf2+ (29... Rxe5 $2 {zu gefräßig.} 30. Qxg4 (30. Nxb7 {ist ein Selbstmatt.} Nf2+ 31. Rxf2 Qxf2) 30... Qxd6 31. Qxf4 $18) 30. Rxf2 Qxf2 31. Qg1 Qxg1+ 32. Kxg1 Rxe5 {[%emt 0:00:03] Droht ...Re1+ und aus.} 33. Kf2 Bc6 34. Ngf5 Bd7 35. Nd4 g6 36. g3 Nh3+ 37. Kg2 Re1 {[%emt 0:00:20][%cal Od7g4] [#] ( -> ...Bg4!)} 38. Bc2 Bg4 {[%emt 0:00:07] Gewichteter Fehlerwert: Weiß=0.76/Schwarz=0.14 (sehr präzise) .  Verlustzug:     	Weiß=1     	---        Fehler:       	Weiß=1     	Schwarz=1     Ungenau:       	Weiß=4     	---        OK:         	Weiß=5     	Schwarz=9     Bester:       	Weiß=4     	Schwarz=3     Stark:        	---       	Schwarz=1} 0-1

[Event "Polish University-ch Teams 2024"]
[Site "Lublin"]
[Date "2024.02.24"]
[Round "4.11"]
[White "Kaminski, Maciej"]
[Black "Adamczyk, Zuzanna"]
[Result "1-0"]
[ECO "D02"]
[WhiteElo "1869"]
[BlackElo "1970"]
[Annotator "NA RC"]
[PlyCount "81"]
[EventDate "2024.02.22"]
[EventType "team-tourn"]
[EventCountry "POL"]
[SourceTitle "playchess.com"]
[Source "ChessBase"]
[SourceQuality "1"]
[TimeControl "900+5"]

1. Nf3 d5 2. g3 Nd7 3. d4 Ngf6 4. Bg2 Nb6 5. O-O Bf5 6. b3 e6 7. Bb2 Be7 8. Nbd2 h6 9. Ne5 O-O 10. c4 c6 11. a4 a5 12. Bc3 Nbd7 13. Ndf3 Ne4 14. Be1 Nxe5 15. Nxe5 f6 16. Nf3 Bb4 17. Nh4 Bxe1 18. Rxe1 Bh7 19. f3 Nd6 20. c5 Nf7 21. f4 e5 22. e3 Qd7 23. Bf3 e4 24. Bg4 f5 25. Bh5 Nd8 26. Bg6 Rf6 27. Bxh7+ Kxh7 28. Qd2 g5 29. Ng2 b6 30. b4 bxc5 31. bxc5 Rf7 32. Rab1 Qe6 33. Rb6 g4 34. Reb1 Qc8 35. Nh4 Rfa7 36. Qb2 Kg7 37. Rb8 Qa6 38. Nxf5+ Kg6 39. Nh4+ Kf6 40. Qb6 Qd3 41. Qxd8+ 1-0

[Event "Polish University-ch Teams 2024"]
[Site "Lublin"]
[Date "2024.02.24"]
[Round "4.12"]
[White "Orlik, Sandra"]
[Black "Moscicka, Pola"]
[Result "1/2-1/2"]
[ECO "B57"]
[WhiteElo "1836"]
[BlackElo "1960"]
[Annotator "NA RC"]
[PlyCount "78"]
[EventDate "2024.02.22"]
[EventType "team-tourn"]
[EventCountry "POL"]
[SourceTitle "playchess.com"]
[Source "ChessBase"]
[SourceQuality "1"]
[TimeControl "900+5"]

1. e4 c5 2. Nf3 Nc6 3. d4 cxd4 4. Nxd4 Nf6 5. Nc3 e5 6. Nf3 d6 7. Bc4 Be6 8. Bb3 Be7 9. O-O O-O 10. Re1 Qd7 11. Nd5 Rfd8 12. Nxe7+ Qxe7 13. Bg5 Rac8 14. Bd5 h6 15. Bxf6 Qxf6 16. c4 Bg4 17. Bxc6 bxc6 18. Re3 Rd7 19. h3 Be6 20. Qa4 Qg6 21. Kh2 f5 22. exf5 Qxf5 23. c5 Bd5 24. cxd6 e4 25. Nd2 Qxf2 26. Qd4 Qf4+ 27. Rg3 Qxd6 28. Rf1 c5 29. Qc3 Re8 30. Nc4 Qe6 31. Ne3 Qe5 32. Qxc5 Bb7 33. Rc1 Qxc5 34. Rxc5 Kf8 35. Ra5 Bc6 36. b4 Ree7 37. a4 Rd3 38. b5 Be8 39. Ra6 Rc7 1/2-1/2

[Event "Polish University-ch Teams 2024"]
[Site "Lublin"]
[Date "2024.02.24"]
[Round "4.13"]
[White "Dzida, Kamil"]
[Black "Mis, Mieszko"]
[Result "0-1"]
[ECO "B15"]
[WhiteElo "2403"]
[BlackElo "2325"]
[Annotator "TA"]
[PlyCount "68"]
[EventDate "2024.02.22"]
[EventType "team-tourn"]
[EventCountry "POL"]
[SourceTitle "playchess.com"]
[Source "ChessBase"]
[SourceQuality "1"]
[TimeControl "900+5"]

1. e4 c6 2. d4 d5 3. Nc3 dxe4 4. Nxe4 Nf6 5. Nxf6+ exf6 6. c3 Bd6 7. Bd3 O-O 8. Qc2 c5 9. Ne2 g6 10. dxc5 Bxc5 {[%emt 0:00:07] The position is equal.} 11. Bh6 Re8 12. O-O-O {[%emt 0:00:02][%cal Od3g6] [#] Hoping for Bxg6!} Qb6 ({Black should try} 12... Qc7 $1 $11) 13. Nf4 $14 Be6 14. Nxe6 Qxe6 15. Be4 Nc6 $1 (15... Qxe4 $2 16. Qxe4 Nc6 17. Qf3 $18) (15... Qxa2 16. Bxb7 Na6 17. Bxa8 Rxa8 18. Rhe1 $18) 16. Bd5 Qg4 17. Rhe1 (17. h4 {with more complications.} Rad8 18. h5 gxh5 19. f3) 17... Ne5 18. Re4 Qh5 (18... Qxg2 $2 19. Rxe5 (19. Bxb7 Qh3 $16) 19... Qxh2 20. Bxf7+ Kh8 21. Rxe8+ $18 (21. Bxe8 Qxh6+ 22. Kb1 fxe5 $17)) 19. Bf4 {[%emt 0:00:01] A strong pair of Bishops.} Rad8 20. Qb3 ({White should play} 20. f3 $16) 20... Kg7 21. Bg3 ({Better is} 21. Qb5 $14 b6 22. f3) 21... Qf5 22. f3 Re7 23. Qc2 ({Of course not} 23. Bxb7 Rb8 24. Qd5 (24. Bxe5 $2 fxe5 25. Qd5 Rexb7 $19) 24... Rexb7 $17) (23. c4 $11 {keeps the balance.}) 23... Red7 $17 {[%emt 0:00:17] Black is more active.} 24. c4 {[%emt 0:00:01] [#]} b5 $1 25. Bxe5 (25. Ree1 Qh5) 25... fxe5 26. Ree1 (26. b3 $17) 26... Qf4+ $19 27. Kb1 bxc4 28. g3 Qf6 29. Qxc4 Bd4 $36 {[%emt 0:00:04][%mdl 2048] Black is really pushing.} 30. Be4 Rb8 31. Re2 Qb6 32. Rdd2 (32. f4 {was worth a try.}) 32... Rc7 $2 (32... f5 $19 {has better winning chances.} 33. Bd3 Qd6) 33. Qb3 $17 Qc5 34. Qc2 (34. Rc2 $17 Rxb3 35. Rxc5 Rxc5 (35... Rxb2+ 36. Rxb2 Rxc5 37. Rb7 $17) 36. axb3) 34... Rxb2+ {[%emt 0:00:05] Weighted Error Value: White=0.49/Black=0.25 (precise) .  Loses game:     	White=1     	---        Missed win:     	---       	Black=1      Mistake:       	White=5     	Black=1      Inaccurate:     	White=4     	Black=6      OK:         	White=9     	Black=8      Best:        	White=2     	Black=2      Strong:       	---       	Black=1} 0-1

[Event "Polish University-ch Teams 2024"]
[Site "Lublin"]
[Date "2024.02.24"]
[Round "4.14"]
[White "Jarocka, Liwia"]
[Black "Klepek, Witold"]
[Result "0-1"]
[ECO "C11"]
[WhiteElo "2199"]
[BlackElo "2262"]
[Annotator "TA"]
[PlyCount "146"]
[EventDate "2024.02.22"]
[EventType "team-tourn"]
[EventCountry "POL"]
[SourceTitle "playchess.com"]
[Source "ChessBase"]
[SourceQuality "1"]
[TimeControl "900+5"]

1. e4 e6 2. d4 d5 3. Nc3 Nf6 4. e5 Nfd7 5. f4 c5 6. Nf3 Nc6 7. Be3 a6 8. a3 b5 9. Be2 Qb6 10. Qd2 cxd4 {[%emt 0:00:24] The position is equal.} 11. Nxd4 Bc5 12. Rd1 O-O 13. O-O Bb7 14. Bf3 Nxd4 15. Bxd4 Bxd4+ 16. Qxd4 Rac8 17. Be2 Qc5 18. Rf3 g6 19. Kf1 Nb6 20. Rh3 Rfd8 21. Rdd3 Qxd4 (21... h5 {is interesting.} 22. Kf2 Kg7 23. Rhg3 Nc4) 22. Rxd4 Nc4 23. Nd1 h5 24. c3 Na5 25. Nf2 Kf8 26. Rg3 Ke7 27. Ke1 Nb3 28. Rd1 (28. Rb4 $11 {keeps the balance.} Na5 29. a4) 28... d4 $17 29. Bf3 Bxf3 (29... dxc3 $142 30. bxc3 (30. Bxb7 $2 {is the wrong capture.} Rxd1+ 31. Nxd1 c2 $19) (30. Rxd8 $2 cxb2 31. Be4 Nc5 $19) 30... h4) 30. Rxf3 dxc3 $1 {[%emt 0:00:11] Black is more active.} 31. Rxd8 Kxd8 32. Rxc3 Rxc3 33. bxc3 {[%emt 0:00:01][%mdl 4096] Endgame. KN-KN} Nc5 {[%emt 0:00:05] Prevents Ne4} (33... Na5 $1 $17 {White must now prevent ...Nc4.} 34. g3 Nc4) 34. Kd2 $11 Kc7 35. c4 Kc6 36. Kc3 Na4+ 37. Kb4 Nb6 38. cxb5+ axb5 {[%emt 0:00:01] aiming for ...Nd5+.} 39. Nd3 Nd5+ 40. Kb3 Ne3 41. g3 Nf1 42. Nf2 Nxh2 43. Ne4 Nf1 {[%emt 0:00:40] Hoping for ...Kd5.} 44. Kb4 Kb6 45. Kb3 Ne3 46. Ng5 $2 (46. Kc3 $15) 46... Nf5 $19 47. Ne4 Nd4+ $2 ({Better is} 47... Ka5 $1 $19 48. Kb2 b4) 48. Kc3 Nf5 (48... Nc6 $15) 49. Kb3 $1 {[%emt 0:00:00] [#]} Kc6 $2 (49... Ka5 $1 $19 {has better winning chances.} 50. Kb2 b4) 50. Kb4 Nd4 (50... Ne7 $17) 51. Ng5 $2 {[%emt 0:00:01][%mdl 8192] Black continues to play with concentration.} (51. Kc3 $1 $11 {and White has nothing to worry.} Nf5 52. Kd2) 51... Ne2 52. Ne4 {[%emt 0:00:02] [#]} h4 $1 53. gxh4 Nxf4 54. Kc3 {[%emt 0:00:10] [#]} Ng2 $1 55. Ng5 Nxh4 {[%emt 0:00:05] Strongly threatening ...Kc5.} 56. Nxf7 $2 (56. Kb4) 56... Nf3 57. Kd3 Kd5 58. Kc3 Nxe5 59. Ng5 Nc6 60. Kd3 Ke5 61. Nf7+ Kf4 62. Nd6 b4 63. a4 g5 64. Nc4 g4 65. Ke2 g3 {[%emt 0:00:05] ( -> ...Nd4+)} 66. Nb2 Ke4 {[%emt 0:00:07] Black mates.} 67. Nc4 Kd4 68. Nd2 Kc3 69. Ne4+ Kc2 70. Nxg3 b3 71. Nf1 Nd4+ 72. Kf2 b2 73. Ne3+ Kc1 {[%emt 0:00:01] Weighted Error Value: White=0.53/Black=0.26 (precise) .  Loses game:     	White=2     	---        Missed win:     	---       	Black=2      Mistake:       	White=2     	Black=4      Inaccurate:     	White=7     	Black=3      OK:         	White=16    	Black=13     Best:        	White=1     	Black=6      Strong:       	White=1     	Black=2} 0-1

[Event "Polish University-ch Teams 2024"]
[Site "Lublin"]
[Date "2024.02.24"]
[Round "4.15"]
[White "Golenia, Jan"]
[Black "Golecki, Jan"]
[Result "1-0"]
[ECO "E15"]
[WhiteElo "2221"]
[BlackElo "2185"]
[Annotator "RC"]
[PlyCount "89"]
[EventDate "2024.02.22"]
[EventType "team-tourn"]
[EventCountry "POL"]
[SourceTitle "playchess.com"]
[Source "ChessBase"]
[SourceQuality "1"]
[TimeControl "900+5"]

1. d4 Nf6 2. c4 e6 3. Nf3 b6 4. g3 Ba6 5. Qc2 d5 6. cxd5 exd5 7. Bg2 Bd6 8. Nc3 O-O 9. Bg5 c6 10. O-O Nbd7 11. Qa4 Bb7 12. Nh4 Re8 13. e4 dxe4 14. Nxe4 Be7 15. Nf5 h6 16. Ned6 Bxd6 17. Nxd6 b5 18. Qb3 Qe7 19. Bf4 Nb6 20. Nxe8 Rxe8 21. Qc2 Nfd5 22. Bd2 Qf6 23. Rfe1 Rd8 24. Rad1 b4 25. a3 a5 26. Qc5 Na4 27. Qc2 Nab6 28. axb4 axb4 29. b3 Ra8 30. Qb2 h5 31. h4 Rd8 32. Bg5 Qd6 33. Bxd8 Qxd8 34. Qe2 Nf6 35. Qe7 Qc8 36. Qxb4 Nbd5 37. Qd6 Ba6 38. Rc1 Bb5 39. Bxd5 Qg4 40. Bxc6 Bxc6 41. Qxc6 Qh3 42. Qg2 Qg4 43. Red1 g5 44. hxg5 Ne4 45. f3 1-0